Map: 세라스 폐허

Players

ePiLiSt - Winner!

  • Race: Terran Terran
  • League: Diamond

승주

  • Race: Terran Terran
  • League: Diamond

VOD

Have the link to the VOD?

Description

소소 소장용

Time

  • Played on: Nov. 22, 2015, 4:48 a.m.
  • Length: 13:02
Show
View Real Time Build Order
Export as new Build Order

ePiLiSt Terran - Winner!

Build Orders: Hellion Banshee, MMM Bio 

Get SALT Encoding   

  12  0:00  SCV  
  13  0:12  SCV  
  14  0:18  Supply Depot  
  14  0:25  Refinery  
  14  0:30  SCV  
  15  0:42  SCV  
  16  0:51  Barracks  
  16  0:56  Refinery  
  16  0:59  SCV  
  17  1:11  SCV  
  18  1:23  SCV  
  19  1:36  SCV  
  19  1:38  Factory, Reaper  
  21  1:48  Orbital Command  
  21  1:59  Supply Depot  
  21  2:10  Reaper  
  21  2:13  SCV  
  23  2:21  Hellion  
  25  2:25  SCV  
  26  2:43  Hellion  
  28  2:46  Barracks Tech Lab  
  28  2:50  Starport  
  28  3:03  SCV  
  29  3:06  Command Center  
  29  3:11  Hellion  
  31  3:23  Barracks Tech Lab  
  31  3:42  SCV  
  31  3:43  Hellion  
  31  3:46  Cloaking Field  
  31  3:57  Stimpack  
  31  3:58  Supply Depot  
  31  4:12  Supply Depot  
  31  4:17  Banshee, Marine  
  31  4:18  Hellion, Orbital Command  
  31  4:20  SCV  
  38  4:31  Engineering Bay  
  38  4:32  SCV  
  38  4:35  Marine  
  40  4:39  Hellion  
  40  4:53  SCV x2, Marine  
  43  5:01  Banshee  
  43  5:05  SCV x2  
  48  5:11  Marine  
  49  5:15  Refinery  
  49  5:17  SCV x2, Refinery  
  51  5:22  Factory Tech Lab  
  51  5:23  Factory Reactor  
  51  5:26  Missile Turret  
  51  5:29  SCV x2  
  53  5:41  Marine  
  54  5:44  Banshee  
  57  5:51  SCV x2  
  59  5:59  Marine  
  59  6:03  SCV x2  
  62  6:22  Supply Depot  
  62  6:23  Supply Depot x2  
  62  6:34  Barracks  
  62  6:35  Barracks  
  62  6:43  SCV x2, Medivac, Siege Tank, Marine  
  62  6:44  Medivac  
  72  6:55  SCV  
  72  6:56  SCV  
  74  7:04  Marine  
  74  7:05  Combat Shields  
  74  7:08  SCV x2  
  65  7:16  Siege Tank  
  65  7:20  SCV x2  
  65  7:21  Marine  
  57  7:43  Barracks Reactor x2, Orbital Command  
  54  7:50  Marine  
  45  8:08  Marine  
  46  8:16  Medivac x2  
  46  8:17  Siege Tank  
  53  8:26  Marine  
  54  8:28  Marine x4  
  58  8:41  SCV x2  
  58  8:43  Marine  
  58  8:46  Marine x4  
  58  8:47  Medivac x2  
  69  8:49  Siege Tank  
  69  8:51  Supply Depot  
  69  8:52  Terran Infantry Weapons Level 1, Supply Depot  
  69  8:53  Command Center, Supply Depot, SCV x2  
  74  9:01  Marine  
  75  9:04  Marine x4  
  79  9:17  Medivac x2  
  79  9:19  Marine  
  79  9:21  Siege Tank, Marine  
  79  9:22  Marine x3  
  87  9:37  Marine  
  83  9:39  Marine  
  83  9:40  Marine x3  
  87  9:47  Medivac x2  
  91  9:53  Siege Tank  
  91  9:55  Marine  
  91  9:57  Marine x2  
  91  9:58  Marine x2  
  99  10:03  Barracks  
  99  10:04  Barracks  
  99  10:09  SCV x2, Orbital Command  
  99  10:13  Marine  
  102  10:21  SCV, Marine x4  
  102  10:22  SCV  
  108  10:30  Marine  
  108  10:31  Supply Depot  
  108  10:33  Supply Depot  
  108  10:34  SCV x2  
  111  10:36  Supply Depot  
  111  10:39  SCV, Marine x3  
  111  10:40  Marine  
  116  10:46  SCV  
  116  10:48  Marine  
  117  10:56  Marine  
  118  11:01  Marine x3  
  121  11:06  Marine  
  120  11:14  Marine  
  116  11:19  Marine x3  
  116  11:23  SCV x2  
  116  11:24  SCV, Marine  
  123  11:28  Refinery  
  123  11:30  Barracks Reactor x2, Refinery  
  123  11:32  Marine  
  124  11:35  SCV  
  124  11:36  Marine  
  124  11:37  Marine x2  
  128  11:42  Marine  
  125  11:50  Marine  
  121  11:54  Marine  
  121  11:55  Medivac, Siege Tank, Marine  
  121  11:56  Medivac  
  130  12:04  Supply Depot x4  
  130  12:06  Marine x3  
  130  12:07  Marine x3  
  130  12:08  Marine  
  136  12:11  SCV x3  
  136  12:12  Marine x2  
  142  12:24  Marine x3  
  142  12:25  Supply Depot x2, Medivac, Marine x2  
  142  12:26  Medivac  
  142  12:27  Siege Tank  
Show
View Real Time Build Order
Export as new Build Order

승주 Terran 

Build Orders: 1/1/1 

Get SALT Encoding   

  12  0:01  SCV  
  13  0:13  SCV  
  14  0:18  Supply Depot  
  14  0:25  SCV  
  15  0:39  SCV  
  16  0:44  Barracks  
  16  0:47  Refinery  
  16  0:51  SCV  
  17  0:59  Refinery  
  17  1:04  SCV  
  18  1:16  SCV  
  19  1:31  Orbital Command  
  19  1:34  Supply Depot  
  19  1:43  Factory  
  19  1:51  Marine  
  20  2:03  SCV  
  21  2:12  Barracks Reactor  
  20  2:22  SCV  
  21  2:25  Widow Mine  
  21  2:27  Starport  
  23  2:34  SCV  
  24  2:41  Supply Depot  
  24  2:48  Marine x2  
  26  2:52  SCV  
  27  2:59  Widow Mine  
  27  3:03  Medivac  
  27  3:04  SCV  
  32  3:08  Supply Depot  
  32  3:09  Marine x2  
  34  3:16  SCV  
  35  3:25  Barracks  
  35  3:27  Marine x2  
  35  3:29  Barracks  
  37  3:50  Widow Mine, Marine x2  
  37  3:51  Medivac  
  37  3:52  SCV  
  44  4:01  Supply Depot  
  44  4:04  SCV  
  44  4:08  Marine x2  
  47  4:13  Barracks Tech Lab  
  47  4:16  Barracks Reactor  
  47  4:22  SCV  
  48  4:24  Supply Depot  
  48  4:29  Marine x2  
  48  4:30  Factory Tech Lab  
  50  4:32  Starport Reactor  
  50  4:34  SCV  
  43  4:53  SCV  
  43  4:55  Marine x2  
  43  4:56  Marauder  
  43  4:57  Marine x2  
  50  5:03  Stimpack  
  50  5:05  SCV  
  51  5:18  Marine x4  
  52  5:43  SCV  
  52  5:45  Marine x3  
  52  5:46  Marauder, Marine  
  52  5:47  Viking  
  61  5:54  Engineering Bay  
  61  5:55  SCV  
  60  6:25  SCV  
  61  6:27  Missile Turret  
  61  6:35  Marine x2  
  63  6:40  Supply Depot  
  63  6:42  Supply Depot  
  63  7:01  Marine x2  
  63  7:02  Marauder  
  63  7:04  Concussive Shells  
  62  7:21  Marine  
  62  7:22  Marine x3  
  64  7:23  Marauder  
  64  7:24  SCV  
  63  7:30  Command Center  
  59  7:39  Marine  
  59  8:02  Marine x4  
  59  8:03  Marauder  
  63  8:14  SCV  
  64  8:21  Marine x2  
  64  8:22  Marine  
  64  8:24  Marauder  
  64  8:26  SCV  
  69  8:28  Missile Turret  
  67  8:39  SCV  
  67  8:40  Marine x4  
  72  8:48  Orbital Command  
  72  8:51  SCV  
  73  9:14  Orbital Command  
  73  9:20  Orbital Command  
  71  9:33  Marine x2  
  71  9:34  Marauder  
  54  9:48  Refinery  
  54  9:51  SCV  
  54  9:52  Refinery  
  55  9:53  SCV  
  55  9:56  Marine x2  
  58  10:02  Medivac x2  
  62  10:09  SCV x2  
  62  10:12  Marine x2  
  62  10:14  Marauder  
  68  10:21  SCV x2  
  70  10:25  Missile Turret  
  70  10:34  SCV x2, Marine x3  
  75  10:35  Marine  
  75  10:36  Medivac x2  
  75  10:37  Siege Tank  
  83  10:45  Marine  
  83  10:46  SCV x2  
  86  10:52  Marine  
  87  10:58  SCV x2  
  70  11:18  Marine x2  
  70  11:19  Marine x2  
  70  11:22  SCV x2  
  74  11:32  Barracks  
  74  11:34  SCV  
  74  11:35  SCV  
  74  11:37  Refinery x2  
  74  11:39  Command Center, Barracks  
  76  11:41  Refinery  
  76  11:43  Refinery  
  76  11:46  SCV  
  72  11:47  SCV  
  72  11:51  Marine x4  
  72  11:52  Medivac x2  
  77  11:57  Barracks Reactor  
  77  11:58  SCV  
  77  11:59  Siege Tank  
  81  12:05  SCV  
  82  12:09  Marine x2  
  82  12:10  SCV  
  82  12:12  Marine x2  
  87  12:20  SCV  
  87  12:22  SCV  
  89  12:24  Barracks Tech Lab  
  89  12:25  Barracks Tech Lab  
  89  12:26  Marine  
  89  12:27  Marine  
  91  12:33  Engineering Bay  
  93  12:38  Marine  
Tags
 
Add a new tag
Caveats
  • Supply blocks, unpowered buildings, or Contaminate may cause inaccurate times.
  • Supply counts are checked every 10 seconds.